 Dungeon Crawl Stone Soup version 0.31-a0-354-g827e0957a7 (webtiles) character file.

Game seed: 1131445810296247582

6460 Locuples the Covert (level 10, -4/74 HPs)
             Began as a Demonspawn Brigand on July 21, 2023.
             Slain by a wraith (10 damage)
             ... led by Josephine
             ... on level 10 of the Dungeon on July 24, 2023.
             The game lasted 00:31:48 (10087 turns).

Locuples the Covert (Demonspawn Brigand)           Turns: 10087, Time: 00:31:48

Health: -4/74      AC:  6    Str: 13    XL:     10   Next: 67%
Magic:  10/10      EV: 20    Int: 12    God:
Gold:   580        SH:  0    Dex: 18    Spells: 7/9 levels left

rFire   . . .        r - +1 dagger (protect)
rCold   . . .        (no shield)
rNeg    . . .        b - +0 robe
rPois   .            i - +0 helmet
rElec   .            m - +0 cloak
rCorr   .            (no gloves)
SInv    .            (no boots)
Will    .....        (no amulet)
Stlth   ++++         w - +5 ring of evasion
HPRegen 0.32/turn    (no ring)
MPRegen 0.12/turn

%: no passive effects
@: brilliant, slowed, very slow
A: molten scales 1, demonic guardian 2, spiny 1, demonic touch 2
a: no special abilities


You were on level 10 of the Dungeon.
You visited 2 branches of the dungeon, and saw 13 of its levels.

You collected 580 gold pieces.

Inventory:

Hand Weapons
 a - a +2 dagger
 r - a +1 dagger of protection (weapon)
 C - a +2 dagger of draining
 D - a +2 short sword of draining
Missiles
 d - 37 poisoned darts (quivered)
 e - 4 curare-tipped darts
 J - 3 atropa-tipped darts
Armour
 b - a +0 robe (worn)
 i - a +0 helmet (worn)
 m - a +0 cloak (worn)
Jewellery
 w - a +5 ring of evasion (left hand)
Talismans
 N - a blade talisman
Wands
 z - a wand of acid (7)
 K - a wand of polymorph (12)
 M - a wand of mindburst (20)
Scrolls
 c - 2 scrolls of poison
 h - a scroll of fog {unknown}
 l - a scroll of summoning {unknown}
 n - 2 scrolls of immolation {unknown}
 o - 2 scrolls of blinking
 p - 2 scrolls of vulnerability
 q - a scroll of enchant weapon {unknown}
 v - a scroll of fear {unknown}
 x - 2 scrolls of teleportation {unknown}
 y - 2 scrolls of noise
 A - a scroll of amnesia {unknown}
 E - a scroll of identify
 H - a scroll of torment {unknown}
 I - a scroll of revelation {unknown}
Potions
 f - a potion of invisibility {unknown}
 g - a potion of attraction {unknown}
 j - a potion of brilliance
 k - a potion of mutation {unknown}
 s - a potion of enlightenment {unknown}
 t - 4 potions of haste
 u - a potion of magic {unknown}
 B - a potion of berserk rage {unknown}
 F - a potion of might {unknown}
 G - a potion of curing {unknown}
 L - 2 potions of degeneration {unknown}


   Skills:
 + Level 5.5 Fighting
 * Level 8.8 Short Blades
 + Level 4.6 Throwing
 + Level 6.3 Dodging
 * Level 9.7 Stealth
 + Level 0.4 Transmutations
 + Level 0.2 Earth Magic


You had 7 spell levels left.
You knew the following spells:

 Your Spells              Type           Power      Damage    Failure   Level
a - Passwall              Tmut/Erth      0%         N/A       41%         2

Your spell library contained the following spells:

 Spells                   Type           Power      Damage    Failure   Level
 Sandblast                Erth           0%         2d4       30%         1
 Shock                    Conj/Air       0%         1d3       32%         1
 Cigotuvi's Dreadful Rot  Necr/Pois/Air  0%         N/A       45%         2
 Stone Arrow              Conj/Erth      0%         3d7       67%         3
 Ozocubu's Armour         Ice            0%         N/A       69%         3
 Swiftness                Air            0%         N/A       69%         3
 Airstrike                Air            0%         2d(0-16)  97%         4
 Dispel Undead            Necr           0%         3d6       97%         4
 Death Channel            Necr           0%         N/A       100%        6
 Ozocubu's Refrigeration  Ice            0%         4d7       100%        7


Dungeon Overview and Level Annotations

Branches:
Dungeon (12/15)            Temple (1/1) D:6             Orc (0/2) D:10
   Lair: D:8-11

Altars:
Ashenzari
Cheibriados
Fedhas
Gozag
Hepliaklqana
Kikubaaqudgha
Makhleb
Nemelex Xobeh
Okawaru
Qazlal
Sif Muna
Trog
Uskayaw
Vehumet
Wu Jian
Xom
Yredelemnul

Annotations:
D:3 1 runed translucent door, bdfhjk's ghost, amateur MiBe
D:9 4 transporters
D:11 Josephine


Innate Abilities, Weirdness & Mutations

You are partially covered in molten scales. (AC +2)
A demonic guardian rushes to your aid.
You are partially covered in sharp spines.
Your touch may inflict irresistible damage on your foes.


Message History

Your hellwing hits the wraith! x2; The wraith hits you.
The wraith drains your vigour!
You feel as though you will be slow longer.
The wraith attacks as you move away! The wraith completely misses you.
The wraith hits your hellwing but does no damage. x2
Your hellwing hits the wraith.
Your hellwing hits the wraith but does no damage.
The wraith hits your hellwing but does no damage.
Something barely misses your hellwing.
Your hellwing barely misses the wraith.
Your hellwing hits the wraith but does no damage.
The wraith hits your hellwing!
The wraith drains your hellwing's vigour!
Your hellwing seems to slow down.
The wraith hits you but does no damage.
Found an escape hatch in the ceiling.
The wraith attacks as you move away! The wraith closely misses you.
Found an escape hatch in the floor.
The troll bites you. The troll closely misses you. The troll claws you!
There is an escape hatch in the ceiling, spattered with blood here.
The troll is struck by your spines. The troll bites you! The troll claws you!
The troll claws you. The wraith is struck by your spines.
The wraith completely misses you. A mysterious force pulls you upwards.
The hatch slams shut behind you.
Found a bronze wand.
Found a staircase to the Orcish Mines and a stone staircase leading up.
You closely miss the wraith.
The wraith is severely damaged.
The wraith is struck by your spines. The wraith hits you!
* * * LOW HITPOINT WARNING * * *
The wraith drains your vigour!
You feel as though you will be slow longer.
The troll bites you!
* * * LOW HITPOINT WARNING * * *
A demonic guardian appears!
The troll barely misses you. The troll closely misses you.
It was a potion of brilliance.
You feel clever all of a sudden. The troll is struck by your spines.
The troll closely misses you.
The troll barely misses you. x2; The wraith hits you!
You die...

#.. ...#
...########...#
...............
...............
#.......#.#.#.#
#..............
#.....W.#.#.#.#
#......@T.....#
#.>.....#.#.#.#
.......4......#
.../..........#
.......<.......
...............
...............
...............


You could see a troll (ally target), a wraith and a friendly ice devil
(summoned).

Vanquished Creatures
  2 two-headed ogres
  An ugly thing (D:9)
  A gargoyle (D:12)
  Sigmund (D:4)
  Eustachio (D:4)
  2 wyverns
  A water moccasin (D:6)
  Duvessa (D:5)
  2 ice beasts
  An orc warrior (D:8)
  A sky beast (D:7)
  3 black bears
  3 ogres (D:5)
  2 centaurs
  4 kobold brigands
  A phantom (D:5)
  Blork the orc (D:6)
  2 bullfrogs
  2 gnoll sergeants
  4 scorpions
  Dowan (D:5)
  11 killer bees
  7 howler monkeys
  3 hounds
  An orc priest (D:8)
  A gnoll bouda (D:7)
  4 iguanas
  2 sleepcaps (D:7)
  5 orc wizards
  11 gnolls
  8 adders
  2 shadow imps (D:8)
  2 white imps (D:5)
  An ufetubus (D:5)
  2 worms
  5 dart slugs
  25 orcs
  8 ball pythons
  4 endoplasms
  4 giant cockroaches
  6 goblins
  8 hobgoblins
  A jackal (D:5)
  24 kobolds
  8 quokkas
  9 bats
  2 frilled lizards
  6 rats
207 creatures vanquished.

Vanquished Creatures (collateral kills)
  2 ice beasts (D:5)
  A hound (D:5)
  An orc priest (D:8)
  A sleepcap (D:5)
  2 adders (D:5)
  2 orcs (D:8)
  4 jackals (D:1)
  A ball python (D:2)
14 creatures vanquished.

Grand Total: 221 creatures vanquished

Notes
Turn   | Place    | Note
-------+----------+-------------------------------------------
     0 | D:1      | Locuples the Demonspawn Brigand began the quest for the
                  | Orb.
     0 | D:1      | Reached XP level 1. HP: 16/16 MP: 1/1
     9 | D:1      | Noticed a black bear
     9 | D:1      | Noticed a swamp worm
    10 | D:1      | Noticed a wolf
    10 | D:1      | Noticed a water moccasin
    62 | D:1      | Reached skill level 4 in Stealth
    98 | D:1      | Gained mutation: A weak demonic guardian rushes to your
                  | aid. [demonic ancestry]
    98 | D:1      | Reached XP level 2. HP: 9/22 MP: 2/2
   489 | D:1      | Gained mutation: You are partially covered in molten
                  | scales. (AC +2) [demonic ancestry]
   489 | D:1      | Reached XP level 3. HP: 18/27 MP: 3/3
   837 | D:2      | Found a faded altar of an unknown god.
   865 | D:2      | Reached skill level 1 in Dodging
  1055 | D:2      | Reached XP level 4. HP: 22/33 MP: 4/4
  1629 | D:3      | Found a bloodstained altar of Trog.
  1729 | D:3      | Found a hazy altar of Hepliaklqana.
  1780 | D:3      | Found a sparkling altar of Nemelex Xobeh.
  1780 | D:3      | Found an opulent altar of Gozag.
  1885 | D:3      | Noticed a scorpion
  1893 | D:3      | Killed a scorpion
  1894 | D:3      | Reached skill level 5 in Stealth
  1894 | D:3      | Reached XP level 5. HP: 37/39 MP: 5/5
  2014 | D:3      | Found a runed translucent door.
  2014 | D:3      | Noticed bdfhjk's ghost (amateur MiBe)
  2914 | D:4      | Noticed Eustachio
  2923 | D:4      | Killed Eustachio
  2924 | D:4      | Gained mutation: Your touch may inflict minor irresistible
                  | damage on your foes. [demonic ancestry]
  2924 | D:4      | Reached XP level 6. HP: 45/46 MP: 6/6
  3161 | D:4      | Noticed a wyvern
  3163 | D:4      | Killed a wyvern
  3164 | D:4      | Gained mutation: A demonic guardian rushes to your aid.
                  | [demonic ancestry]
  3164 | D:4      | Reached XP level 7. HP: 51/51 MP: 7/7
  3489 | D:4      | Noticed Sigmund
  3506 | D:4      | Killed Sigmund
  3850 | D:5      | Entered Level 5 of the Dungeon
  3970 | D:5      | Reached skill level 5 in Short Blades
  3987 | D:5      | Reached skill level 6 in Stealth
  3995 | D:5      | Reached XP level 8. HP: 40/58 MP: 8/8
  4508 | D:5      | Noticed Dowan
  4655 | D:5      | Noticed Duvessa
  4678 | D:5      | Killed Duvessa
  4688 | D:5      | Killed Dowan
  4689 | D:5      | Reached skill level 7 in Stealth
  4945 | D:5      | Found a shadowy altar of Dithmenos.
  4947 | D:5      | Found a hide-covered altar of Uskayaw.
  4947 | D:5      | Found a shimmering altar of Xom.
  4949 | D:5      | Found a bloodstained altar of Trog.
  4949 | D:5      | Found a shimmering altar of Xom.
  4949 | D:5      | Found a shimmering blue altar of Sif Muna.
  5120 | D:5      | Gained mutation: You are partially covered in sharp spines.
                  | [demonic ancestry]
  5120 | D:5      | Reached XP level 9. HP: 49/65 MP: 9/9
  5481 | D:6      | Reached skill level 5 in Dodging
  5604 | D:6      | Found a hide-covered altar of Uskayaw.
  5791 | D:6      | Noticed Blork the orc
  5800 | D:6      | Killed Blork the orc
  5945 | D:6      | Found a staircase to the Ecumenical Temple.
  5953 | Temple   | Entered the Ecumenical Temple
  5954 | Temple   | Noticed a Tzitzimitl
  5956 | Temple   | Noticed Goudo the pandemonium lord
  5956 | Temple   | Noticed Weiq the pandemonium lord
  5956 | Temple   | Noticed a Brimstone Fiend
  5957 | Temple   | Noticed Gixuinur the pandemonium lord
  5957 | Temple   | Noticed an ice devil
  5978 | Temple   | Noticed a hell beast
  5979 | Temple   | Noticed Zirresuk the pandemonium lord
  5997 | Temple   | Noticed Peamoc the pandemonium lord
  5999 | Temple   | Noticed a red devil
  6018 | Temple   | Noticed a Brimstone Fiend
  6027 | Temple   | Noticed an orange demon
  6028 | Temple   | Noticed Optuesymoi the pandemonium lord
  6030 | Temple   | Noticed a smoke demon
  6471 | D:6      | Learned a level 2 spell: Passwall
  6872 | D:7      | Found a basalt altar of Yredelemnul.
  6910 | D:7      | Identified the +2 leather armour "Noanong" {Fly rCorr MP-9}
  7257 | D:7      | Found a broken altar of Ashenzari.
  7304 | D:7      | Reached skill level 8 in Stealth
  7811 | D:7      | Found a shimmering blue altar of Sif Muna.
  7820 | D:7      | Noticed a two-headed ogre
  7828 | D:7      | Killed a two-headed ogre
  8222 | D:7      | Reached skill level 5 in Fighting
  8322 | D:8      | Gained mutation: Your touch may inflict irresistible damage
                  | on your foes. [demonic ancestry]
  8322 | D:8      | Reached XP level 10. HP: 26/74 MP: 10/10
  8675 | D:8      | Identified the +7 war axe "Wingit" {flame, Fragile rF+
                  | Str+2}
  8704 | D:8      | Found a stormy altar of Qazlal.
  8748 | D:8      | Found a snail-covered altar of Cheibriados.
  9090 | D:8      | Upgraded the game from 0.31-a0-343-g456c268693 to
                  | 0.31-a0-354-g827e0957a7
  9188 | D:8      | Found a radiant altar of Vehumet.
  9816 | D:9      | Noticed a green ugly thing
  9820 | D:9      | Found a transporter.
  9820 | D:9      | Noticed a two-headed ogre
  9821 | D:9      | Killed a green ugly thing
  9822 | D:9      | Reached skill level 9 in Stealth
  9825 | D:9      | Found a transporter.
  9827 | D:9      | Killed a two-headed ogre
  9860 | D:9      | Found a transporter.
  9862 | D:9      | Found a transporter.
  9968 | D:9      | You fall into a shaft and drop 3 floors!
  9981 | D:12     | Noticed a gargoyle
  9986 | D:12     | Killed a gargoyle
 10055 | D:11     | Noticed Josephine
 10085 | D:10     | Entered Level 10 of the Dungeon
 10085 | D:10     | Found a staircase to the Orcish Mines.
 10087 | D:10     | Slain by a wraith

Illustrated notes

Levels and vault maps discovered:
D:1:      onia_arrival_zoo_common, layout_rooms,
          nicolae_kite_square_tiling_tiny, dk_noncrumbling_3, minivault_4
D:2:      layout_basic, serial_glass, glass_columns_c, glass_columns_a,
          nicolae_ecumenical_snake_handling, glass_columns_c
D:3:      layout_rooms, grunt_temple_overflow_opulence, lemuel_tele_altar,
          trog_three_pillars_becter, gammafunk_ghost_grave
D:4:      layout_basic, minmay_misc_feat_cross, eino_tiny_chamber, uniq_sigmund,
          uniq_eustachio
D:5:      minmay_recursive_quarters, layout_loops_cross, doesnt_xom_only_xom,
          minmay_between, uniq_duvessa
D:6:      layout_basic, mainiacjoe_overflow_catwalk, minmay_temple_entry_trees,
          serial_park_tiny_2, uniq_blork_the_orc
D:7:      layout_rooms, kennysheep_ying_yang, nicolae_ru_the_path_less_chosen,
          nicolae_ashenzari_panopticon, nicolae_overflow_crystal_walls,
          kennysheep_small_spiral
D:8:      layout_cave_pods, mainiacjoe_overflow_paths,
          nicolae_vehumet_altar_sigil, mainiacjoe_overflow_brackets,
          slow_altar_2
D:9:      layout_roguey, serial_shops, nicolae_shop_back_alley_shop,
          serial_nicolae_subway, nicolae_sub_station_metal,
          nicolae_sub_station_crystal, nicolae_sub_station_stone, uniq_psyche
D:10:     layout_small_grid, lemuel_round_altar, orc_0_dummy, serial_glass,
          glass_columns_b, glass_columns_b, nicolae_island_escapes, uniq_urug,
          uniq_erolcha, uniq_grum
D:11:     layout_long_grid, dpeg_oklobed_lair, serial_undead, serial_undead_c,
          serial_undead_f, serial_undead_b, serial_undead_c, serial_undead_a,
          uniq_josephine
D:12:     layout_stronghold, gauntlet_entry_generic, minmay_librarian,
          uniq_rupert
Temple:   nicolae_temple_panitentiary

Skill      XL: |  1  2  3  4  5  6  7  8  9 10 |
---------------+-------------------------------+-----
Stealth        | 4 5 6 7 8 9 |  9.7
Throwing       | 2 3 4 |  4.6
Short Blades   | 2 3 4 5 6 7 8 |  8.8
Dodging        | 1 2 3 4 5 6 |  6.3
Fighting       | 3 4 5 |  5.5
Transmutations | |  0.4
Earth Magic    | |  0.2

Action                     |  1- 3 |  4- 6 |  7- 9 | 10-12 || total
---------------------------+-------+-------+-------+-------++-------
  Melee: Dagger            |   118 |   240 |   236 |   141 ||   735
         Punch             |     1 |     3 |     7 |       ||    11
         Touch             |       |     1 |    60 |    29 ||    90
         Short sword       |       |       |    77 |       ||    77
  Throw: Dart              |    12 |    20 |    25 |     4 ||    61
   Cast: Passwall          |       |       |     1 |       ||     1
Ability: Begin Untransform |       |       |     1 |       ||     1
    Use: Scroll            |       |       |     2 |     4 ||     6
         Potion            |       |       |       |     3 ||     3
   Stab: Sleeping          |     4 |     7 |    10 |    10 ||    31
         Distracted        |       |       |     2 |       ||     2
 Armour: Robe              |    58 |   131 |   109 |    25 ||   323
  Dodge: Dodged            |   110 |   153 |   174 |   103 ||   540
   Form: Blade             |       |       |     1 |       ||     1

Table legend: (Time is in decaauts)
 A = Elapsed time spent in this place.
 B = Non-inter-level travel time spent in this place.
 C = Inter-level travel time spent in this place.
 D = Time resting spent in this place.
 E = Time spent auto-exploring this place.
 F = Levels seen in this place.
 G = Mean time per level.
                   A        B        C        D        E       F      G
               +--------+--------+--------+--------+--------+-----+--------+
         Total |   9890 |   9403 |    487 |   1800 |   5183 |  13 |  760.8 |
       Dungeon |   9636 |   9149 |    487 |   1700 |   5183 |  12 |  803.0 |
        Temple |    253 |    253 |      0 |    100 |      0 |   1 |  253.0 |
               +--------+--------+--------+--------+--------+-----+--------+

Top non-repeatable levels by time:
     D:5: 1567 daAuts
     D:8: 1433 daAuts
     D:4: 1373 daAuts
     D:6: 1283 daAuts
     D:7: 1203 daAuts
     D:1: 812 daAuts
     D:3: 805 daAuts
     D:2: 799 daAuts
  Temple: 253 daAuts
     D:9: 233 daAuts
    D:11: 94 daAuts
    D:12: 28 daAuts
    D:10: 2 daAuts
